 Dungeon Crawl Stone Soup version 0.24.0-1-gfbc8707122 (webtiles) character file.

Game seed: 3437213180063013531, levelgen mode: deterministic

81 Alter the Skirmisher (level 4, -2/29 HPs)
             Began as a Gargoyle Fighter on Oct 26, 2019.
             Was an Initiate of Qazlal.
             Slain by Sigmund
             ... wielding a +0 scythe
              (9 damage)
             ... on level 3 of the Dungeon.
             The game lasted 00:07:25 (1827 turns).

Alter the Skirmisher (Gargoyle Fighter)             Turns: 1827, Time: 00:07:25

Health: -2/29      AC: 10    Str: 25    XL:     4   Next: 40%
Magic:  4/4        EV:  8    Int:  9    God:    Qazlal [......]
Gold:   120        SH: 10    Dex:  9    Spells: 3/3 levels left

rFire    . . .     SeeInvis .   a - +0 flail
rCold    . . .     Gourm    .   c - +1 shield
rNeg     + . .     Faith    .   b - +0 scale mail
rPois    ∞         Spirit   .   (no helmet)
rElec    +         Reflect  .   (no cloak)
rCorr    .         Harm     .   (no gloves)
MR       .....                  (no boots)
Stlth    ..........             (no amulet)
HPRegen  0.09/turn              (no ring)
MPRegen  0.09/turn              (no ring)

@: mighty
A: negative energy resistance 1, electricity resistance, unbreathing,
petrification resistance, rot immunity, AC +3
a: Renounce Religion


You were on level 3 of the Dungeon.
You worshipped Qazlal.
Qazlal was noncommittal.
You were hungry.

You visited 1 branch of the dungeon, and saw 3 of its levels.

You collected 120 gold pieces.

Inventory:

Hand Weapons
 a - a +0 flail (weapon)
Missiles
 o - 3 boomerangs of dispersal (quivered)
Armour
 b - a +0 scale mail (worn)
 c - a +1 shield (worn)
Scrolls
 k - 3 scrolls of identify
 l - a scroll of enchant armour
 m - a scroll of teleportation
 n - a scroll of magic mapping {unknown}
 p - a scroll of noise {unknown}
Potions
 e - 2 potions of lignification
 g - 2 potions of flight {unknown}
 i - 2 potions of curing
 j - a potion of brilliance {unknown}
Comestibles
 f - 5 rations
 h - 8 chunks of flesh


   Skills:
 * Level 4.0 Fighting
 + Level 2.6 Maces & Flails
 + Level 3.7 Armour
 * Level 1.1 Dodging
 + Level 3.9 Shields


You had 3 spell levels left.
You didn't know any spells.
Your spell library was empty.

Dungeon Overview and Level Annotations

Branches:
Dungeon (3/15)

Altars:
Dithmenos
Qazlal

Annotations:
D:3 Sigmund


Innate Abilities, Weirdness & Mutations

You are resistant to torment.
Your stone body is resilient. (AC +3)
You are immune to poison.
You resist negative energy. (rN+)
You are resistant to electric shocks. (rElec)
You can survive without breathing.
You are immune to petrification.
You are immune to rotting.


Message History

Qazlal accepts your kill.
You feel very mighty all of a sudden. Something hits you. Something hits you.
You barely miss something. Something hits you but does no damage.
You closely miss something. Something hits you but does no damage.
You closely miss something. Something hits you but does no damage.
You miss something. Something completely misses you.
You miss something. Something hits you.
You thump something! Something hits you but does no damage.
You completely miss something. Something hits you.
You miss something. Something hits you!
* * * LOW HITPOINT WARNING * * *
You closely miss something.
Your shield prevents you from hitting something.
You block something's attack.
You miss something.
You are feeling hungry.
Something hits you!
You die...

.!.........#
...........#
...........#
...........#
#######.#..#
#)#### #########
#w# ........# #{#
........########@#
.................#
........##########
#.###...#
...○#.### ....#.#
._....# ....#.#
...°#.#


You could see a worm.

Vanquished Creatures
  An adder (D:2)
  An adder zombie (D:3)
  A worm (D:3)
  4 dart slugs
  A leopard gecko (D:1)
  2 orcs (D:3)
  2 giant cockroaches
  8 goblins
  3 hobgoblins
  9 jackals
  A quokka (D:2)
  6 bats
  2 frilled lizards (D:1)
  4 kobolds (D:1)
  6 rats
51 creatures vanquished.

Notes
Turn   | Place    | Note
-------+----------+-------------------------------------------
     0 | D:1      | Alter the Gargoyle Fighter began the quest for the Orb.
     0 | D:1      | Reached XP level 1. HP: 14/14 MP: 1/1
   196 | D:1      | Reached XP level 2. HP: 19/19 MP: 2/2
   410 | D:1      | Reached XP level 3. HP: 21/24 MP: 3/3
  1169 | D:2      | Reached XP level 4. HP: 29/29 MP: 4/4
  1604 | D:3      | Found a shadowy altar of Dithmenos.
  1628 | D:3      | Reached skill level 1 in Dodging
  1659 | D:3      | Reached skill level 4 in Fighting
  1755 | D:3      | Found a stormy altar of Qazlal.
  1769 | D:3      | Became a worshipper of Qazlal Stormbringer
  1796 | D:3      | Noticed Sigmund
  1827 | D:3      | Slain by Sigmund

Levels and vault maps discovered:
D:1:      dpeg_arrival_boxes_within_box, layout_loops_ring,
          minmay_tree_intersection, hangedman_decor_points
D:2:      layout_loops_ring
D:3:      layout_basic, grunt_qazlal_clouds, nicolae_dithmenos_shadow_blocks,
          uniq_sigmund

Skill      XL: |  1  2  3  4 |
---------------+-------------+-----
Dodging        | 1 |  1.1
Fighting       | 4 |  4.0
Maces & Flails | |  2.6
Armour         | |  3.7
Shields        | |  3.9

Action                   |  1- 3 |  4- 6 || total
-------------------------+-------+-------++-------
Melee: Flail             |   145 |    79 ||   224
  Use: Scroll            |     7 |       ||     7
       Potion            |       |     1 ||     1
  Eat: Chunk             |     1 |     2 ||     3
Armor: Scale mail        |   108 |    46 ||   154
Dodge: Dodged            |    66 |    33 ||    99
Block: Shield            |   101 |    50 ||   151
